 Dungeon Crawl Stone Soup version 0.27-a0-1277-g3808f8b1c9 (webtiles) character file.

Game seed: 4817550406071772092

1085 Glokmah the Chucker (level 8, -3/60 HPs)
             Began as a Human Hunter on June 12, 2021.
             Was a Follower of Dithmenos.
             Slain by an orc warrior (12 damage)
             ... on level 6 of the Dungeon.
             The game lasted 00:14:25 (5829 turns).

Glokmah the Chucker (Human Hunter)                  Turns: 5829, Time: 00:14:26

Health: -3/60      AC:  9    Str: 16    XL:     8   Next: 55%
Magic:  0/8        EV: 11    Int: 11    God:    Dithmenos [*.....]
Gold:   186        SH:  0    Dex: 13    Spells: 7/7 levels left

rFire    . . .     SeeInvis .   a - +8 rapier "Grum" {elec, +Blink}
rCold    + . .     Faith    .   (no shield)
rNeg     + . .     Spirit   +   p - +0 ring mail {rC+}
rPois    .         Reflect  .   x - +2 hat of the Bear Spirit {Spirit, +Rage rN+ Will++}
rElec    .         Harm     .   e - +0 cloak {rCorr}
rCorr    +         Rampage  .   b - +0 pair of gloves
Will     ++...                  (no boots)
Stlth    ++........             (no amulet)
HPRegen  0.20/turn              s - ring of wizardry
MPRegen  0.11/turn              (no ring)

@: about to teleport, wreathed by umbra
A: no striking features
a: Renounce Religion, Evoke Blink, Evoke Berserk Rage


You were on level 6 of the Dungeon.
You worshipped Dithmenos.
Dithmenos was aware of your devotion.
You visited 1 branch of the dungeon, and saw 6 of its levels.

You collected 186 gold pieces.

Inventory:

Hand Weapons
 a - the +8 rapier "Grum" (weapon) {elec, +Blink}
   (You acquired it on level 4 of the Dungeon)

   Occasionally, upon striking a foe, it can discharge electrical energy and
   cause terrible harm.
   It lets you blink.
Missiles
 c - 3 javelins (quivered)
 n - 93 stones
Armour
 b - a +0 pair of gloves (worn)
 e - a +0 cloak of preservation (worn)
 p - a +0 ring mail of cold resistance (worn)
 x - the +2 hat of the Bear Spirit (worn) {Spirit, +Rage rN+ Will++}
   (You acquired it on level 3 of the Dungeon)

   It protects you from negative energy.
   It lets you go berserk.
   It greatly increases your willpower.
Jewellery
 s - a ring of wizardry (left hand)
Scrolls
 i - a scroll of silence {unknown}
 o - 2 scrolls of noise {unknown}
Potions
 d - a potion of curing {unknown}
 f - 2 potions of attraction
 g - 3 potions of heal wounds {unknown}
 h - 3 potions of ambrosia {unknown}
 j - 2 potions of might {unknown}
 k - 3 potions of flight {unknown}
 m - a potion of lignification {unknown}
 q - a potion of invisibility {unknown}
 u - a potion of magic {unknown}


   Skills:
 + Level 4.1 Fighting
 * Level 3.7 Short Blades
 - Level 6.0 Throwing
 + Level 2.2 Armour
 - Level 3.0 Dodging
 * Level 5.0 Stealth
 + Level 2.3 Evocations


You had 7 spell levels left.
You didn't know any spells.
Your spell library contained the following spells:

 Spells                   Type           Power      Damage    Failure   Level
 Animate Skeleton         Necr           0%         N/A       26%         1
 Apportation              Tloc           0%         N/A       26%         1
 Corona                   Hex            0%         N/A       26%         1
 Summon Small Mammal      Summ           0%         N/A       26%         1


Dungeon Overview and Level Annotations

Branches:
Dungeon (6/15)
 Temple: D:4-7

Altars:
Dithmenos

Shops:
D:2 (


Message History

The orc warrior is heavily wounded.
You hear a shout!
The orc warrior hits you with a +0 trident!
You closely miss the orc warrior.
The orc warrior is heavily wounded.
The orc warrior hits you with a +0 trident!
The orc barely misses you.
The orc warrior hits you with a +0 trident!
Blink to where?
Press: ? - help, Dir - move target
As you read the scroll of blinking, it crumbles to dust.
Throw: 6 javelins
Press: ? - help, Q - select action, (/) - cycle Shift-Dir - straight line, f - orc warrior
Aim: an orc warrior, wielding a +0 trident and wearing a +0 plate armour (heavily wounded, 63% to hit)
You throw a javelin.
The javelin closely misses the orc warrior.
The javelin barely misses the orc.
Throw: 5 javelins
Press: ? - help, Q - select action, (/) - cycle Shift-Dir - straight line, f/p - orc warrior
Aim: an orc warrior, wielding a +0 trident and wearing a +0 plate armour (heavily wounded, 63% to hit)
You throw a javelin.
The javelin pierces through the orc warrior.
The orc warrior is severely wounded.
Throw: 4 javelins
Press: ? - help, Q - select action, (/) - cycle Shift-Dir - straight line, f/p - orc warrior
Aim: an orc warrior, wielding a +0 trident and wearing a +0 plate armour (severely wounded, 63% to hit)
You throw a javelin.
The javelin closely misses the orc warrior.
The javelin completely misses the orc.
The orc warrior hits you from afar with a +0 trident!
* * * LOW HITPOINT WARNING * * *
The sky beast flickers out of sight!
Deactivating autopickup; reactivate with Ctrl-A.
The orc warrior hits you from afar with a +0 trident.
* * * LOW HITPOINT WARNING * * *
Okay, then.
As you read the scroll of teleportation, it crumbles to dust.
You feel strangely unstable.
The orc warrior hits you from afar with a +0 trident!
You die...

#.# #># #.# ##.### ...># #.#.#
##.#.# #########.†..####
###.....@.o.......#
......####o...##.#
#.###.##............#
#.....<######.##.#..# ...###...#
#.##(#..# #...# #.##)#..#######
##.#.# #.##..)........
....###.....#.#####.###(#.#######
....................# #.#o##)....


You could see an orc warrior and an orc.

Vanquished Creatures
  A water moccasin (D:6)
  A sky beast (D:5)
  A necrophage (D:5)
  2 bullfrogs
  2 scorpions
  A water moccasin skeleton (D:5)
  A centaur zombie (D:5)
  A hound (D:5)
  2 jellies
  A centaur skeleton (D:5)
  2 orc priests (D:5)
  2 iguanas
  2 orc wizards
  A hound skeleton (D:4)
  A gnoll (D:1)
  6 adders
  An ufetubus (D:5)
  2 adder skeletons (D:4)
  3 worms
  12 orcs
  10 ball pythons
  4 endoplasms
  A giant cockroach (D:2)
  8 goblins
  6 hobgoblins
  8 jackals
  3 quokkas
  7 bats
  4 frilled lizards
  2 kobolds
  4 rats
102 creatures vanquished.

Vanquished Creatures (others)
  An endoplasm (D:2)
  A plant (D:1)
2 creatures vanquished.

Grand Total: 104 creatures vanquished

Notes
Turn   | Place    | Note
-------+----------+-------------------------------------------
     0 | D:1      | Glokmah the Human Hunter began the quest for the Orb.
     0 | D:1      | Reached XP level 1. HP: 16/16 MP: 1/1
    52 | D:1      | Found a faded altar of an unknown god.
   178 | D:1      | Reached XP level 2. HP: 15/22 MP: 2/2
   995 | D:1      | Reached XP level 3. HP: 28/28 MP: 3/3
  1375 | D:2      | Found Rola's Antique Weapon Shoppe.
  1782 | D:2      | Reached XP level 4. HP: 28/34 MP: 4/4
  2410 | D:3      | Noticed a scorpion
  2421 | D:3      | Killed a scorpion
  2422 | D:3      | Reached skill level 5 in Throwing
  2422 | D:3      | Reached XP level 5. HP: 16/40 MP: 5/5
  3850 | D:4      | Identified 3 scrolls of acquirement
  3869 | D:3      | Acquired the +8 rapier "Grum" {elec, +Blink}
  3873 | D:3      | Acquired the +2 hat of the Bear Spirit {Spirit, +Rage rN+
                  | Will++}
  3874 | D:3      | Found the +2 hat of the Bear Spirit {Spirit, +Rage rN+
                  | Will++}
  3887 | D:3      | Acquired a +0 cloak of preservation
  3913 | D:4      | Reached XP level 6. HP: 46/47 MP: 6/6
  4177 | D:4      | Reached skill level 1 in Short Blades
  4201 | D:4      | You fall into a shaft and drop 1 floor!
  4201 | D:5      | Entered Level 5 of the Dungeon
  4293 | D:5      | Noticed a sky beast
  4301 | D:5      | Killed a sky beast
  4365 | D:5      | Reached XP level 7. HP: 46/52 MP: 7/7
  4365 | D:5      | Found a shadowy altar of Dithmenos.
  4369 | D:5      | Became a worshipper of Dithmenos the Shadowed
  4452 | D:5      | Reached skill level 1 in Armour
  4452 | D:5      | Reached skill level 1 in Evocations
  4614 | D:5      | Reached XP level 8. HP: 59/60 MP: 6/8
  5655 | D:6      | Reached * piety under Dithmenos
  5672 | D:6      | Reached skill level 6 in Throwing
  5757 | D:6      | Reached skill level 5 in Stealth
  5829 | D:6      | Slain by an orc warrior

Illustrated notes

Levels and vault maps discovered:
D:1:      sevenhm_arrival_forest_fort_small_4, layout_basic,
          shapermc_ecumenical_altar_mp_ritualfount, roderic_nine_men_s_morris,
          minmay_strange_pillars, hex_medium
D:2:      layout_loops_ring, serial_shops, nicolae_shop_crystal, serial_glass,
          glass_columns_a, glass_columns_b, glass_columns_b, glass_columns_a,
          glass_columns_a, glass_columns_b, lemuel_old_faithful
D:3:      layout_rooms, kennysheep_donut, serial_park_tiny_pond
D:4:      layout_cave_pools
D:5:      layout_basic, marbit_many_paths, lightli_corner_chamber
D:6:      minmay_cornered_nines, layout_loops_ring, serial_shops, shop,
          hangedman_abyss_or_decor_lesser_grid

Skill      XL: |  1  2  3  4  5  6  7  8 |
---------------+-------------------------+-----
Throwing       | 5 6 |  6.0
Stealth        | 2 3 4 5 |  5.0
Fighting       | 3 4 |  4.1
Dodging        | 3 |  3.0
Short Blades   | 1 2 3 |  3.7
Armour         | 1 2 |  2.2
Evocations     | 1 2 |  2.3

Action                   |  1- 3 |  4- 6 |  7- 9 || total
-------------------------+-------+-------+-------++-------
Melee: Short sword       |    29 |       |       ||    29
       Dagger            |   125 |    98 |       ||   223
       Glaive            |    15 |    65 |       ||    80
       Rapier            |       |    42 |    66 ||   108
Throw: Javelin           |     5 |     7 |     3 ||    15
       Throwing net      |       |     3 |       ||     3
  Use: Scroll            |       |    10 |     3 ||    13
 Stab: Sleeping          |     3 |     1 |     2 ||     6
Armor: Leather armour    |    34 |       |       ||    34
       Ring mail         |    36 |    71 |    24 ||   131
Dodge: Dodged            |   126 |   111 |    39 ||   276

Table legend: (Time is in decaauts)
 A = Elapsed time spent in this place.
 B = Non-inter-level travel time spent in this place.
 C = Inter-level travel time spent in this place.
 D = Time resting spent in this place.
 E = Time spent auto-exploring this place.
 F = Levels seen in this place.
 G = Mean time per level.
                   A        B        C        D        E       F      G
               +--------+--------+--------+--------+--------+-----+--------+
         Total |   5927 |   5474 |    453 |    891 |   3212 |   6 |  987.8 |
       Dungeon |   5927 |   5474 |    453 |    891 |   3212 |   6 |  987.8 |
               +--------+--------+--------+--------+--------+-----+--------+

Top non-repeatable levels by time:
     D:3: 1564 daAuts
     D:1: 1441 daAuts
     D:5: 1139 daAuts
     D:2: 1007 daAuts
     D:4: 559 daAuts
     D:6: 215 daAuts
